 Dungeon Crawl Stone Soup version 0.19.0-9-gfd783f2 (webtiles) character file.

32526 dysrexia the Devastator (level 13, -5/76 HPs)
             Began as a Deep Elf Conjurer on Nov 7, 2016.
             Was a High Priest of Sif Muna.
             Slain by a death yak (11 damage)
             ... on level 6 of the Lair of Beasts on Nov 8, 2016.
             The game lasted 01:48:10 (20174 turns).

dysrexia the Devastator (Deep Elf Conjurer)        Turns: 20174, Time: 01:48:10

Health: -5/76      AC: 12    Str:  5    XL:     13   Next: 31%
Magic:  32/32      EV:  2    Int: 24    God:    Sif Muna [*****.]
Gold:   1034       SH:  0    Dex: 19    Spells: 8 memorised, 8 levels left

rFire  + . .     SeeInvis .     y - +3 long sword of the Wasteland {slice, +Inv rElec Int+2}
rCold  + . .     Gourm    .     l - +2 robe {rF+}
rNeg   + + +     Faith    .     (no shield)
rPois  ∞         Spirit   .     W - +2 hat
rElec  +         Reflect  .     b - +0 cloak
rCorr  .         Harm     .     (no gloves)
MR     +....                    (no boots)
Stlth  ++........               (no amulet)
                                z - +5 ring of protection
                                w - ring of protection from cold

@: petrified
A: talons 1, regeneration 1
a: Divine Energy, Channel Magic, Forget Spell, Renounce Religion, Evoke
Invisibility


You were on level 6 of the Lair of Beasts.
You worshipped Sif Muna.
Sif Muna was extremely pleased with you.
You were not hungry.

You visited 3 branches of the dungeon, and saw 17 of its levels.

You collected 1174 gold pieces.
You spent 140 gold pieces at shops.

Inventory:

Hand Weapons
 y - the +3 long sword of the Wasteland (weapon) {slice, +Inv rElec Int+2}
   (You found it on level 4 of the Dungeon)

   It inflicts extra damage upon your enemies.
   It affects your intelligence (+2).
   It insulates you from electricity.
   It lets you turn invisible.
Missiles
 m - 5 throwing nets (quivered)
 E - 63 poisoned needles
Armour
 b - a +0 cloak (worn)
 l - a +2 robe of fire resistance (worn)
 W - a +2 hat (worn)
Rods
 g - a +1 rod of inaccuracy (9/9)
   (You found it on level 1 of the Lair of Beasts)
Jewellery
 k - an uncursed ring of fire
 w - a ring of protection from cold (left hand)
 z - a +5 ring of protection (right hand)
 I - an uncursed ring of positive energy
 N - an uncursed ring of ice
 O - an uncursed ring of see invisible
Wands
 f - a wand of teleportation (3/9)
 p - a wand of disintegration (9/24)
 q - a wand of digging (15/24)
 x - a wand of teleportation (6/9)
 B - a wand of polymorph (22/24)
 G - a wand of disintegration (12/24)
 T - a wand of disintegration (10/24)
 V - a wand of acid (7/15)
Scrolls
 d - 4 scrolls of remove curse
 e - 3 scrolls of fear
 h - 3 scrolls of magic mapping
 i - 4 scrolls of fog
 r - a scroll of identify
 t - a scroll of silence
 C - 5 scrolls of teleportation
 K - 2 scrolls of recharging
Potions
 j - 3 potions of agility
 s - 4 potions of might
 u - 6 potions of heal wounds
 v - 3 potions of curing
 A - 3 potions of berserk rage
 D - 3 potions of flight
 H - a potion of ambrosia
 Q - a potion of brilliance
 R - 2 potions of cancellation
Books
 o - a book of Flames

   Spells                             Type                      Level
   a - Flame Tongue                   Conjuration/Fire             1
   b - Throw Flame                    Conjuration/Fire             2
   c - Conjure Flame                  Conjuration/Fire             3
   d - Inner Flame                    Hexes/Fire                   3
   e - Sticky Flame                   Conjuration/Fire             4
   f - Fireball                       Conjuration/Fire             5
 F - a book of Clouds

   Spells                             Type                      Level
   a - Mephitic Cloud                 Conjuration/Poison/Air       3
   b - Conjure Flame                  Conjuration/Fire             3
   c - Poisonous Cloud                Conjuration/Poison/Air       6
   d - Freezing Cloud                 Conjuration/Ice/Air          6
   e - Ring of Flames                 Charms/Fire                  7
 J - a book of the Earth

   Spells                             Type                      Level
   a - Leda's Liquefaction            Hexes/Earth                  4
   b - Bolt of Magma                  Conjuration/Fire/Earth       5
   c - Statue Form                    Transmutation/Earth          6
   d - Iron Shot                      Conjuration/Earth            6
   e - Shatter                        Earth                        9
Comestibles
 c - 12 bread rations
 n - 9 meat rations


   Skills:
 - Level 7.5 Fighting
 - Level 5.1 Long Blades
 + Level 5.1 Dodging
 - Level 2.4 Stealth
 + Level 13.0 Spellcasting
 * Level 15.1 Conjurations
 - Level 3.0 Hexes
 - Level 6.8 Charms
 * Level 5.7 Ice Magic
 + Level 4.9 Air Magic
 + Level 5.5 Poison Magic


You had 8 spell levels left.
You knew the following spells:

 Your Spells              Type           Power        Failure   Level  Hunger
a - Magic Dart            Conj           ####         0%          1    None
b - Searing Ray           Conj           ######       0%          2    None
c - Dazzling Spray        Conj/Hex       ######       1%          3    None
d - Iskenderun's Mystic   Conj           ######..     1%          4    None
e - Iskenderun's Battles  Conj/Chrm      ######..     1%          5    ###....
f - Mephitic Cloud        Conj/Pois/Air  ######..     1%          3    None
h - Poison Arrow          Conj/Pois      ######....   10%         6    #####..
i - Freezing Cloud        Conj/Ice/Air   ######....   21%         6    #####..


Dungeon Overview and Level Annotations

Branches:
Dungeon (10/15)            Temple (1/1) D:5            Lair (6/6) D:10
 Shoals (0/4) Lair:3       Spider (0/4) Lair:4          Orc (0/2) D:10
  Slime: Lair:5-6

Altars:
Ashenzari
Cheibriados
Dithmenos
Elyvilon
Fedhas
Gozag
Hepliaklqana
Kikubaaqudgha
Makhleb
Nemelex Xobeh
Okawaru
Qazlal
Ru
Sif Muna
Trog
Uskayaw
Vehumet
Xom
Yredelemnul
Zin
The Shining One

Shops:
D:6 *

Annotations:
D:8 1 runed door, exclusion: downstairs
D:10 exclusion: hill giant
Lair:5 exclusion: downstairs


Innate Abilities, Weirdness & Mutations

You have sharp toenails.
Your natural rate of healing is unusually fast.


Message History

Your limbs have turned to stone.
The death yak gores you!! The death yak gores you.
You have turned to stone.
The basilisk gazes at you.
You easily resist.
The death yak gores you but does no damage. x2
The death yak gores you! x4
The basilisk gazes at you. The death yak gores you! The death yak gores you.
The death yak bellows!
The basilisk bites you! The death yak gores you. The basilisk bites you!
The death yak gores you but does no damage.
The death yak gores you!!
* * * LOW HITPOINT WARNING * * *
The basilisk bites you.
* * * LOW HITPOINT WARNING * * *
The death yak gores you!
* * * LOW HITPOINT WARNING * * *
The death yak gores you!!
You die...

##... ##....
#####....#
##.P#.....##
P.$........
.........#
....P..lP#
#.Y@P#
#.YYY#
.........##
..........#
#........##
..........
####.......
#.......
##.......


You could see 4 death yaks and a basilisk.

Vanquished Creatures
  Kirke (Lair:5)
  3 hydras
  Harold (Lair:1)
  A catoblepas (Lair:4)
  4 death yaks (Lair:6)
  Nergalle (D:10)
  Pikel (D:8)
  A necromancer (Lair:5)
  5 elephants (Lair:6)
  A manticore (Lair:3)
  A centaur skeleton (D:10)
  3 black mambas
  8 spiny frogs
  6 komodo dragons
  A jumping spider (Lair:4)
  A troll (D:9)
  2 polar bears
  10 blink frogs
  6 hippogriffs
  A vampire (D:9)
  13 yaks
  A wyvern (D:7)
  A spriggan (D:7)
  3 hogs (Lair:5)
  A warg (D:10)
  6 porcupines
  16 water moccasins
  An ice beast (D:5)
  4 slaves (D:8)
  5 orc warriors
  A black bear (Lair:4)
  7 necrophages
  A phantom (D:10)
  4 ogres
  23 wolves
  6 centaurs
  2 big kobolds (D:7)
  6 crocodiles
  Blork the orc (D:5)
  9 bullfrogs
  A gnoll sergeant (D:7)
  4 scorpions
  A water moccasin skeleton (D:7)
  17 killer bees
  4 wights (D:7)
  2 howler monkeys
  6 crimson imps
  2 centaur zombies
  2 jellies
  3 hounds (D:7)
  A bullfrog skeleton (D:7)
  3 gnoll shamans (D:7)
  5 orc priests
  3 orc wizards
  2 iguanas
  7 worker ants
  2 polar bear simulacra (Lair:5)
  3 yak simulacra (Lair:5)
  A killer bee zombie (D:9)
  5 wolf simulacra (Lair:5)
  A hound zombie (D:9)
  A hound skeleton (D:9)
  A worker ant zombie (D:8)
  10 gnolls
  15 adders
  4 shadow imps
  An ooze (D:3)
  2 adder zombies
  An adder skeleton (D:4)
  8 worms
  3 dart slugs
  4 leopard geckos
  41 orcs
  6 giant cockroaches
  2 gnoll zombies (D:8)
  6 goblins
  17 hobgoblins
  5 jackals
  10 kobolds
  6 quokkas
  7 bats
  5 frilled lizards
  2 leopard gecko skeletons (D:4)
  A quokka skeleton (D:9)
  10 rats
  A river rat simulacrum (Lair:5)
  A fungus (Lair:6)
414 creatures vanquished.

Vanquished Creatures (others)
  A bat (D:2)
  16 fungi
  13 plants
30 creatures vanquished.

Grand Total: 444 creatures vanquished

Notes
Turn   | Place    | Note
-------+----------+-------------------------------------------
     0 | D:1      | dysrexia the Deep Elf Conjurer began the quest for the Orb.
     0 | D:1      | Reached XP level 1. HP: 10/10 MP: 6/6
   237 | D:1      | Reached XP level 2. HP: 12/15 MP: 6/8
   643 | D:1      | Reached skill level 5 in Conjurations
   643 | D:1      | Reached XP level 3. HP: 19/19 MP: 2/10
   738 | D:2      | Learned a level 2 spell: Searing Ray
   742 | D:2      | Learned a level 3 spell: Dazzling Spray
   809 | D:2      | Found an ancient bone altar of Kikubaaqudgha.
  1425 | D:2      | Reached XP level 4. HP: 17/24 MP: 3/12
  1724 | D:3      | Reached skill level 1 in Hexes
  2309 | D:3      | Learned a level 4 spell: Iskenderun's Mystic Blast
  2435 | D:3      | Reached XP level 5. HP: 28/28 MP: 10/13
  2955 | D:4      | Reached skill level 5 in Spellcasting
  2955 | D:4      | Reached skill level 6 in Conjurations
  3042 | D:4      | Got a steaming long sword
  3044 | D:4      | Identified the +3 long sword of the Wasteland {slice, +Inv rElec Int+2} (You found it on level 4 of the Dungeon)
  3546 | D:4      | Reached XP level 6. HP: 32/32 MP: 10/16
  3770 | D:5      | Entered Level 5 of the Dungeon
  3773 | D:5      | Noticed an ice beast
  3783 | D:5      | Killed an ice beast
  3783 | D:5      | Reached skill level 1 in Long Blades
  3983 | D:5      | Reached skill level 7 in Conjurations
  4064 | D:5      | Reached XP level 7. HP: 36/36 MP: 13/18
  4096 | D:5      | Noticed Blork the orc
  4510 | D:5      | Found a basalt altar of Yredelemnul.
  4540 | D:5      | Found a staircase to the Ecumenical Temple.
  4575 | Temple   | Entered the Ecumenical Temple
  4729 | Temple   | Became a worshipper of Sif Muna the Loreminder
  4803 | D:5      | Found a white marble altar of Elyvilon.
  4928 | D:5      | Learned a level 5 spell: Iskenderun's Battlesphere
  4951 | D:5      | Killed Blork the orc
  5014 | D:5      | Reached skill level 1 in Charms
  5052 | D:5      | Found an iron altar of Okawaru.
  5246 | D:6      | Found Tuleluz's General Store.
  5259 | D:6      | Bought a potion of might for 56 gold pieces
  5259 | D:6      | Bought a scroll of identify for 28 gold pieces
  5259 | D:6      | Bought a scroll of identify for 28 gold pieces
  5259 | D:6      | Bought a scroll of identify for 28 gold pieces
  5315 | D:6      | Reached skill level 8 in Conjurations
  5733 | D:6      | Reached XP level 8. HP: 39/41 MP: 13/20
  5745 | D:6      | Found a shadowy altar of Dithmenos.
  5788 | D:6      | Found an opulent altar of Gozag.
  5966 | D:7      | Found an ancient bone altar of Kikubaaqudgha.
  5994 | D:7      | Reached * piety under Sif Muna
  6070 | D:7      | Found a glowing silver altar of Zin.
  6367 | D:7      | Reached skill level 9 in Conjurations
  6452 | D:7      | Found a shadowy altar of Dithmenos.
  6698 | D:7      | Reached skill level 5 in Charms
  7167 | D:7      | Reached ** piety under Sif Muna
  7174 | D:7      | Reached XP level 9. HP: 45/45 MP: 12/23
  7497 | D:7      | Reached skill level 10 in Conjurations
  7978 | D:8      | Found a basalt altar of Yredelemnul.
  8019 | D:8      | Found a runed door.
  8155 | D:8      | Noticed Pikel
  8163 | D:8      | Killed Pikel
  8565 | D:8      | Found a burning altar of Makhleb.
  8647 | D:8      | Reached skill level 5 in Long Blades
  8663 | D:8      | Reached *** piety under Sif Muna
  8865 | D:8      | Found a radiant altar of Vehumet.
  8918 | D:8      | Found a runed door.
  9003 | D:8      | Reached skill level 11 in Conjurations
  9379 | D:8      | Noticed a troll
  9410 | D:9      | Noticed a troll
  9418 | D:8      | Reached skill level 1 in Fighting
  9435 | D:8      | Reached XP level 10. HP: 52/52 MP: 17/25
  9839 | D:9      | Found a shattered altar of Ashenzari.
  9900 | D:9      | Found a shimmering altar of Xom.
  9929 | D:9      | Found a burning altar of Makhleb.
  9929 | D:9      | Found a glowing golden altar of the Shining One.
  9932 | D:9      | Found a radiant altar of Vehumet.
  9932 | D:9      | Found a hide-covered altar of Uskayaw.
  9932 | D:9      | Found a hazy altar of Hepliaklqana.
 10371 | D:9      | Reached skill level 10 in Spellcasting
 10476 | D:10     | Entered Level 10 of the Dungeon
 10546 | D:10     | Noticed a hill giant
 10585 | D:10     | Found a staircase to the Lair.
 10612 | D:10     | Reached **** piety under Sif Muna
 10896 | D:10     | Found a staircase to the Orcish Mines.
 10914 | D:10     | Reached skill level 12 in Conjurations
 11168 | D:10     | Found a shattered altar of Ashenzari.
 11335 | D:10     | Noticed Nergalle
 11342 | D:10     | Killed Nergalle
 11427 | D:10     | Gained mutation: Your natural rate of healing is unusually fast. [potion of beneficial mutation]
 11428 | D:10     | Gained mutation: You have sharp toenails. [potion of beneficial mutation]
 11523 | Lair:1   | Entered Level 1 of the Lair of Beasts
 11568 | Lair:1   | d:10 lair and no spellbooks, speccy slut better put out soon
 11694 | Lair:1   | HP: 1/57 [crocodile (13)]
 12079 | Lair:1   | Noticed a four-headed hydra
 12090 | Lair:1   | Killed a four-headed hydra
 12090 | Lair:1   | Reached skill level 5 in Fighting
 12090 | Lair:1   | Reached XP level 11. HP: 63/63 MP: 5/28
 12612 | Lair:1   | Identified a +1 rod of inaccuracy (9/9) (You found it on level 1 of the Lair of Beasts)
 12698 | Lair:1   | Noticed Harold
 12708 | Lair:1   | Killed Harold
 12708 | Lair:1   | Reached skill level 13 in Conjurations
 12930 | Lair:1   | Reached ***** piety under Sif Muna
 12978 | Lair:1   | Identified Sif Muna's Tome of Toxins and Good Luck (Sif Muna gifted it to you on level 1 of the Lair of Beasts)
 12978 | Lair:1   | Received a gift from Sif Muna
 13094 | Lair:1   | Learned a level 3 spell: Mephitic Cloud
 13325 | Lair:2   | Reached skill level 1 in Poison Magic
 13424 | Lair:2   | Learned a level 5 spell: Venom Bolt
 13469 | Lair:2   | Reached skill level 1 in Air Magic
 14015 | Lair:2   | You fall through a shaft!
 14114 | Lair:3   | Learned a level 6 spell: Poison Arrow
 14845 | Lair:3   | Found a staircase to the Shoals.
 14863 | Lair:3   | Reached XP level 12. HP: 71/71 MP: 1/30
 15053 | Lair:3   | Found a shattered altar of Ashenzari.
 15657 | Lair:4   | Found a hole to the Spider Nest.
 15825 | Lair:4   | Reached skill level 14 in Conjurations
 16424 | Lair:4   | Reached skill level 5 in Poison Magic
 16609 | Lair:4   | Noticed a catoblepas
 16641 | Lair:4   | Killed a catoblepas
 16994 | Lair:5   | Learned a level 6 spell: Freezing Cloud
 17052 | Lair:5   | Noticed Kirke
 17217 | Lair:5   | Reached skill level 1 in Ice Magic
 17540 | Lair:6   | Entered Level 6 of the Lair of Beasts
 17637 | Lair:6   | Noticed a death yak
 17638 | Lair:6   | Noticed a death yak
 17638 | Lair:6   | Noticed a death yak
 17638 | Lair:6   | Noticed a death yak
 17638 | Lair:6   | Noticed a death yak
 17649 | Lair:6   | Noticed a death yak
 17656 | Lair:6   | Killed a death yak
 17840 | Lair:5   | Received a gift from Sif Muna
 18033 | Lair:5   | Noticed a six-headed hydra
 18037 | Lair:5   | Killed a six-headed hydra
 18833 | Lair:5   | Reached XP level 13. HP: 76/76 MP: 9/31
 19330 | Lair:5   | Killed Kirke
 19330 | Lair:5   | Reached skill level 5 in Ice Magic
 19477 | Lair:6   | Reached skill level 15 in Conjurations
 19804 | Lair:6   | Reached skill level 5 in Dodging
 20174 | Lair:6   | Slain by a death yak

Skill      XL: |  1  2  3  4  5  6  7  8  9 10 11 12 13 |
---------------+----------------------------------------+-----
Conjurations   | 5 6 7 8 9 11 12 13 14 15 | 15.1
Spellcasting   | 4 5 6 7 8 9 11 12 13 | 13.0
Hexes          | 2 3 |  3.0
Long Blades    | 1 2 3 5 |  5.1
Charms         | 2 5 6 |  6.8
Fighting       | 1 5 6 7 |  7.5
Poison Magic   | 3 5 |  5.5
Air Magic      | 2 4 |  4.9
Ice Magic      | 4 5 |  5.7
Dodging        | 4 5 |  5.1
Stealth        | |  2.4

Action                   |  1- 3 |  4- 6 |  7- 9 | 10-12 | 13-15 || total
-------------------------+-------+-------+-------+-------+-------++-------
Melee: Unarmed           |     2 |       |       |       |       ||     2
       Long sword        |       |    14 |    80 |    95 |     1 ||   190
       Spear             |       |     3 |       |       |       ||     3
       Kick              |       |       |       |    41 |     1 ||    42
 Cast: Magic Dart        |    73 |   111 |   190 |   235 |    35 ||   644
       Searing Ray       |     3 |    15 |    25 |    12 |       ||    55
       Dazzling Spray    |     2 |     2 |    33 |    76 |     2 ||   115
       Iskenderun's Myst |       |     2 |       |    42 |     6 ||    50
       Iskenderun's Batt |       |       |    12 |    81 |    10 ||   103
       Venom Bolt        |       |       |       |     8 |       ||     8
       Mephitic Cloud    |       |       |       |    15 |     5 ||    20
       Poison Arrow      |       |       |       |     4 |    11 ||    15
       Freezing Cloud    |       |       |       |       |     2 ||     2
Invok: Divine Energy     |       |       |       |     3 |       ||     3
       Stop Divine Energ |       |       |       |     2 |     1 ||     3
       Forget Spell      |       |       |       |     1 |       ||     1
  Use: Potion            |     3 |       |       |     6 |       ||     9
       Scroll            |       |     9 |     7 |    14 |       ||    30
 Stab: Sleeping          |     1 |       |       |       |       ||     1
       Invisible         |       |       |     8 |    10 |       ||    18
       Confused          |       |       |       |     2 |     1 ||     3
  Eat: Chunk             |     2 |     7 |    18 |    23 |     2 ||    52
       Fruit             |       |     1 |     2 |       |       ||     3
       Meat ration       |       |       |       |     2 |       ||     2
       Royal jelly       |       |       |       |     2 |     3 ||     5
       Pizza             |       |       |       |     2 |       ||     2
       Beef jerky        |       |       |       |     1 |       ||     1
Armor: Robe              |     9 |     7 |    33 |   101 |     7 ||   157
Dodge: Dodged            |    27 |    22 |    91 |   252 |     6 ||   398
       Rpst.: Long sword |       |     4 |    29 |    73 |     3 ||   109
